[Event "Titled Tuesday Blitz May 31 Late 2022"]
[White "Plazuelo Pascual, Juan"]
[Black "Svicevic, Rastko"]
[WhiteFideId "32059566"]
[BlackFideId "916315"]
[WhiteElo "2359"]
[BlackElo "2132"]
[Result "1-0"]
[Round "03"]
[TimeControl "180+1"]
[Date "2022.06.01"]
[WhiteClock "0:00:06"]
[BlackClock "0:00:01"]

1. d4 d5 2. c4 e6 3. Nc3 f5 4. Bf4 c6 5. e3 Nf6 6. Nf3 Be7 7. Bd3 O-O 8. O-O Ne4 9. Qc2 Nd7 10. Rab1 a5 11. a3 g5 12. Be5 g4 13. Nd2 Nxe5 14. Bxe4 Nxc4 15. Bd3 Nxd2 16. Qxd2 a4 17. Ne2 Bd6 18. f3 gxf3 19. Rxf3 Kh8 20. Nf4 Bd7 21. Rbf1 Rg8 22. Kh1 Rg4 23. Be2 Qg8 24. Bd1 Rg5 25. Rh3 Qf7 26. e4 Rag8 27. exd5 Bxf4 28. Qxf4 exd5 29. Rf2 Qe7 30. Re3 Qf6 31. h3 Qg7 32. Qe5 b5 33. Bc2 Qxe5 34. Rxe5 h6 35. Bxf5 Bxf5 36. Rexf5 Rxf5 37. Rxf5 Kg7 38. Re5 Kf6 39. g4 Rg5 40. Re8 h5 41. Rc8 hxg4 42. Rxc6+ Ke7 43. hxg4 Rxg4 44. Rc5 Rxd4 45. Rxb5 Rd2 46. Kg1 Kd6 47. Kf1 Ke5 48. Ke1 Rh2 49. b3 axb3 50. Rxb3 d4 51. a4 Ke4 52. Ra3 d3 53. Kf1 Ke3 54. a5 Rf2+ 55. Kg1 Rf7 56. a6 1-0


[Site "https://www.chess.com"]

[Event "Titled Tuesday Blitz May 31 Late 2022"]
[White "Przybylski, Wojciech"]
[Black "Holt, Conrad"]
[WhiteFideId "1117599"]
[BlackFideId "2034387"]
[WhiteElo "2133"]
[BlackElo "2586"]
[Result "1-0"]
[Round "03"]
[TimeControl "180+1"]
[Date "2022.06.01"]
[WhiteClock "0:00:01"]
[BlackClock "0:00:01"]

1. d4 d5 2. Nc3 Nf6 3. Bg5 e6 4. e3 Nbd7 5. Bd3 h6 6. Bh4 Bb4 7. a3 Bxc3+ 8. bxc3 c5 9. Nf3 Qa5 10. O-O c4 11. Be2 Qxc3 12. h3 Ne4 13. Qc1 Qa5 14. Kh2 Qc7+ 15. Bg3 Nxg3 16. fxg3 O-O 17. c3 b6 18. Bd1 Bb7 19. Bc2 f5 20. Qe1 Rf6 21. Ng1 Raf8 22. Ne2 g5 23. a4 Bc6 24. Qc1 R8f7 25. Rf3 Nf8 26. a5 b5 27. Qa3 a6 28. Raf1 Nd7 29. Kg1 Qb8 30. Qb4 Qf8 31. Qb1 Nb8 32. Qc1 Be8 33. Bb1 Nc6 34. Qc2 Qg7 35. g4 fxg4 36. hxg4 Rxf3 37. Rxf3 Rxf3 38. gxf3 Ne7 39. Qb2 Bg6 40. Ng3 Bxb1 41. Qxb1 Qf7 42. Kg2 Ng6 43. Qd1 Nh4+ 44. Kf2 Ng6 45. Kg2 Ne7 46. Nh5 Nc6 47. Qc2 Kh8 48. Qa2 Qf8 49. Qa1 b4 50. cxb4 Qxb4 51. Kg3 Qe7 52. Qb1 Nb4 53. Qb2 Nc6 54. Qb6 Qd6+ 55. Kg2 c3 56. Qb7 c2 57. Qc8+ Kh7 58. Qb7+ 1-0


[Site "https://www.chess.com"]

[Event "Titled Tuesday Blitz May 31 Late 2022"]
[White "Remolar Gallen, Jose"]
[Black "Swiercz, Dariusz"]
[WhiteFideId "2215187"]
[BlackFideId "1126881"]
[WhiteElo "2205"]
[BlackElo "2627"]
[Result "0-1"]
[Round "03"]
[TimeControl "180+1"]
[Date "2022.05.31"]
[WhiteClock "0:00:15"]
[BlackClock "0:00:54"]

1. d4 e6 2. c4 Bb4+ 3. Bd2 a5 4. Nf3 d6 5. e4 Nf6 6. Bd3 Nbd7 7. O-O Bxd2 8. Qxd2 e5 9. Nc3 O-O 10. Rad1 Re8 11. Rfe1 c6 12. d5 Nc5 13. h3 Bd7 14. Bc2 cxd5 15. Nxd5 Nxd5 16. cxd5 b5 17. Nh2 b4 18. Ng4 Bxg4 19. hxg4 h6 20. Re3 Qg5 21. Rg3 Qxd2 22. Rxd2 Rec8 23. g5 hxg5 24. Rxg5 g6 25. f4 Nd7 26. Ba4 Rc1+ 27. Kf2 Nc5 28. Bc2 exf4 29. Kf3 Nd7 30. Kxf4 Kg7 31. Rg3 Ne5 32. Rh3 Rc8 33. Ba4 Rf1+ 34. Ke3 Nc4+ 0-1


[Site "https://www.chess.com"]

[Event "Titled Tuesday Blitz May 31 Late 2022"]
[White "Reprintsev, Alexander"]
[Black "Perez Torres, Nabi Isaias"]
[WhiteFideId "14100541"]
[BlackFideId "5120373"]
[WhiteElo "2108"]
[BlackElo "1755"]
[Result "1-0"]
[Round "03"]
[TimeControl "180+1"]
[Date "2022.06.01"]
[WhiteClock "0:00:10"]
[BlackClock "0:00:12"]

1. e4 c5 2. b3 d5 3. exd5 Qxd5 4. Nc3 Qd7 5. Nf3 a6 6. Ne5 Qc7 7. Qe2 Nf6 8. Bb2 e6 9. O-O-O Be7 10. g4 O-O 11. Bg2 Nbd7 12. f4 Nxe5 13. fxe5 Nd7 14. Rde1 Bh4 15. Ref1 Qxe5 16. Qd3 Qd4 17. Qh3 Bf6 18. Be4 g6 19. Rxf6 Qxf6 20. Nd5 exd5 21. Bxf6 Nxf6 22. Bf3 h5 23. Qg2 Bxg4 24. Bxd5 Rae8 25. Bxb7 Re2 26. Qc6 Kg7 27. Bxa6 Re6 28. Qb7 Rd8 29. Bc4 Rd7 30. Qb5 Red6 31. d3 Rc7 32. Rf1 Bh3 33. Rf2 Be6 34. Bxe6 Rxe6 35. Qc4 g5 36. Qc3 Kg6 37. Rg2 g4 38. a4 Kg5 39. h3 h4 40. hxg4 Nxg4 41. Qg7+ Rg6 42. Qe5+ f5 43. Qxc7 h3 44. Rh2 Nxh2 45. Qxh2 Kh4 46. Qf4+ Rg4 47. Qxf5 h2 48. Qh7+ Kg3 49. Kb2 Rh4 50. Qg6+ Kf2 51. Qf6+ Kg3 52. Qd6+ Kg2 53. Qd5+ Kg3 54. Qg5+ Kh3 55. Qd5 Kg3 56. Qh1 Kf2 57. a5 Rh6 58. a6 1-0


[Site "https://www.chess.com"]

[Event "Titled Tuesday Blitz May 31 Late 2022"]
[White "Riehle, Marco"]
[Black "Niemann, Hans Moke"]
[WhiteFideId "12904392"]
[BlackFideId "2093596"]
[WhiteElo "2462"]
[BlackElo "2632"]
[Result "1-0"]
[Round "03"]
[TimeControl "180+1"]
[Date "2022.05.31"]
[WhiteClock "0:00:56"]
[BlackClock "0:00:24"]

1. e4 c6 2. c4 g6 3. Nc3 Bg7 4. d4 d6 5. Be3 Nf6 6. f3 O-O 7. Qd2 a6 8. g4 b5 9. h4 h5 10. O-O-O b4 11. Nce2 hxg4 12. h5 Qa5 13. Kb1 Nxh5 14. fxg4 Bxg4 15. Bh3 f5 16. Nf4 Nxf4 17. Bxg4 fxg4 18. Bxf4 Nd7 19. Bh6 Nf6 20. Bxg7 Kxg7 21. e5 dxe5 22. Qg5 Rad8 23. Ne2 Ne4 24. Qxe7+ Rf7 25. Rh7+ Kxh7 26. Qxf7+ Kh6 27. Rh1+ Kg5 28. Qe7+ Nf6 29. dxe5 Rf8 30. Qxf8 Qxe5 31. Qh6+ Kf5 32. Rf1+ Ke4 33. Qxg6+ Ke3 34. Qxf6 Qe4+ 35. Ka1 Kxe2 36. Rg1 a5 37. Qf1+ Kd2 38. Qc1+ Kd3 39. Qb1+ 1-0


[Site "https://www.chess.com"]

[Event "Titled Tuesday Blitz May 31 Late 2022"]
[White "Rios Escobar, Adan"]
[Black "Papasimakopoulos, Alexandros"]
[WhiteFideId "3403645"]
[BlackFideId "4244125"]
[WhiteElo "2433"]
[BlackElo "2340"]
[Result "0-1"]
[Round "03"]
[TimeControl "180+1"]
[Date "2022.06.01"]
[WhiteClock "0:00:09"]
[BlackClock "0:00:15"]

1. d4 e6 2. c4 Nf6 3. g3 Bb4+ 4. Nd2 d5 5. Nf3 O-O 6. Bg2 c6 7. O-O Nbd7 8. Qc2 b6 9. e4 a5 10. Rd1 Ba6 11. a3 Be7 12. b3 Rc8 13. Bb2 Qc7 14. Rac1 Qb8 15. Qb1 Rfd8 16. h4 dxe4 17. Nxe4 Nxe4 18. Qxe4 Nf6 19. Qe1 Bb7 20. Ng5 h6 21. Nxe6 fxe6 22. Qxe6+ Kf8 23. d5 cxd5 24. Be5 Qa8 25. Re1 Re8 26. Bf1 dxc4 27. Rxc4 Bd5 28. Rxc8 Qxc8 29. Qxb6 Qf5 30. Bf4 Ba8 31. Re5 Qc2 32. Qe6 Qc6 33. Qh3 Bxa3 34. Rxe8+ Nxe8 35. Bg2 Qxg2+ 36. Qxg2 Bxg2 37. Kxg2 Bb4 38. Kf3 Ke7 39. Ke4 Ke6 40. Be5 Bc5 41. f4 Nd6+ 42. Kd3 g6 43. g4 h5 44. Bxd6 Bxd6 45. f5+ gxf5 46. gxh5 Kf6 47. Kd4 f4 48. Ke4 Kg7 49. Kf3 Kh6 50. Kg4 Bc7 51. b4 axb4 52. Kf3 b3 53. Kg4 b2 54. Kf5 b1=Q+ 55. Kf6 f3 56. Kf7 f2 57. Kf8 f1=Q+ 58. Kg8 Qb3+ 59. Kh8 Be5# 0-1


[Site "https://www.chess.com"]

[Event "Titled Tuesday Blitz May 31 Late 2022"]
[White "Rosen, Eric"]
[Black "Sadhwani, Raunak"]
[WhiteFideId "2032562"]
[BlackFideId "35093487"]
[WhiteElo "2362"]
[BlackElo "2616"]
[Result "0-1"]
[Round "03"]
[TimeControl "180+1"]
[Date "2022.05.31"]
[WhiteClock "0:00:01"]
[BlackClock "0:01:28"]

1. d4 c5 2. dxc5 Na6 3. e4 Nxc5 4. Nc3 d6 5. e5 dxe5 6. Qxd8+ Kxd8 7. Be3 e6 8. O-O-O+ Nd7 9. Nf3 f6 10. Bb5 Ne7 11. Bc4 Nf5 12. Bxe6 Nxe3 13. fxe3 Ke8 14. Nb5 Ke7 15. Nc7 Rb8 16. e4 Nb6 17. Bb3 Bd7 18. Rd2 Rc8 19. Nd5+ Nxd5 20. Bxd5 Rc7 21. Rhd1 g6 22. Kb1 Bh6 23. Rd3 Rhc8 24. c3 Bb5 25. c4 Bxc4 26. Bxc4 Rxc4 27. Rd7+ Ke8 28. b3 Rc1+ 29. Kb2 R8c2+ 30. Ka3 Bf8+ 31. b4 Rxd1 32. Rxd1 Rxg2 33. Kb3 Re2 34. Nd2 Rxh2 35. a4 h5 36. Nf3 Rh3 37. Rd3 g5 38. Nxe5 Rxd3+ 39. Nxd3 h4 40. Nf2 Bd6 41. Kc4 Kf7 42. a5 Ke6 43. Kd4 Bxb4 44. a6 bxa6 45. Kc4 a5 46. Nd3 Bd6 47. e5 Bxe5 48. Kb5 h3 49. Nc5+ Kf5 50. Kc6 h2 51. Kb7 h1=Q+ 52. Kxa7 Bd4 53. Kb8 Bxc5 0-1


[Site "https://www.chess.com"]

[Event "Titled Tuesday Blitz May 31 Late 2022"]
[White "Rostovtsev, Dmitry"]
[Black "Kollars, Dmitrij"]
[WhiteFideId "34278320"]
[BlackFideId "12909572"]
[WhiteElo "2274"]
[BlackElo "2584"]
[Result "0-1"]
[Round "03"]
[TimeControl "180+1"]
[Date "2022.05.31"]
[WhiteClock "0:00:01"]
[BlackClock "0:00:17"]

1. e4 c6 2. d4 d5 3. e5 Bf5 4. Nf3 e6 5. Be2 c5 6. Be3 Qb6 7. Nc3 Nc6 8. O-O Qxb2 9. Qe1 cxd4 10. Bxd4 Nxd4 11. Nxd4 Bb4 12. Rb1 Qxc3 13. Rxb4 Qxe1 14. Rxe1 b6 15. Nxf5 exf5 16. Bb5+ Kf8 17. Bc6 Rd8 18. e6 Ne7 19. Bd7 h5 20. Ra4 a5 21. c4 d4 22. c5 bxc5 23. Rxa5 c4 24. Rc5 fxe6 25. Bxe6 c3 26. Bxf5 Nxf5 27. Rxf5+ Kg8 28. Rc5 Rh6 29. Rd1 Rb6 30. Kf1 Rdd6 31. Rd3 Rb1+ 32. Ke2 Rb2+ 33. Kd1 Rf6 34. Rxd4 Rfxf2 35. Kc1 Rxa2 36. Rd3 Ra1# 0-1


[Site "https://www.chess.com"]

[Event "Titled Tuesday Blitz May 31 Late 2022"]
[White "Rustemov, Alexander"]
[Black "Martinez Alcantara, Jose Eduardo"]
[WhiteFideId "4119002"]
[BlackFideId "3805662"]
[WhiteElo "2810"]
[BlackElo "2690"]
[Result "0-1"]
[Round "03"]
[TimeControl "180+1"]
[Date "2022.05.31"]
[WhiteClock "0:00:02"]
[BlackClock "0:00:27"]

1. d4 Nf6 2. c4 e6 3. Nf3 Bb4+ 4. Bd2 Qe7 5. g3 Bxd2+ 6. Qxd2 Nc6 7. b3 a5 8. Nc3 a4 9. Nxa4 Ne4 10. Qd3 Qb4+ 11. Nd2 Nxd2 12. Qxd2 Qxd2+ 13. Kxd2 Nxd4 14. Bg2 Ke7 15. Nc3 d6 16. e3 Nc6 17. Nb5 Kd8 18. Kc3 Bd7 19. a4 Rc8 20. Rhd1 Ke7 21. a5 g5 22. b4 h5 23. h3 h4 24. g4 Rhf8 25. Be4 f5 26. gxf5 exf5 27. Bg2 f4 28. Nd4 Nd8 29. Re1 fxe3 30. Rxe3+ Kf6 31. b5 c6 32. a6 cxb5 33. Rf3+ Kg7 34. Rxf8 Kxf8 35. axb7 Rxc4+ 36. Kd3 Nxb7 37. Bxb7 Bxh3 38. Nxb5 Rf4 39. f3 Bg2 40. Nxd6 h3 41. Ne4 Rxf3+ 42. Ke2 Rb3 43. Nxg5 Rxb7 44. Nxh3 Bxh3 45. Ke3 Kf7 46. Ra4 Bf5 47. Kf4 Kf6 48. Rd4 Be6 49. Re4 Rh7 50. Rd4 Rh4+ 51. Ke3 Rh1 52. Kf4 Re1 53. Rb4 Rf1+ 54. Ke3 Bf5 55. Rf4 Ra1 56. Kf3 Ra3+ 57. Kf2 Ke5 58. Rb4 Be4 59. Ke2 Kf4 60. Kd2 Rh3 61. Kc1 Ke5 62. Kd2 Kf4 63. Ke2 Rh2+ 64. Kd1 Ke3 65. Kc1 Rc2+ 66. Kd1 Rc3 67. Ra4 Bf3+ 0-1


[Site "https://www.chess.com"]

[Event "Titled Tuesday Blitz May 31 Late 2022"]
[White "Sarana, Alexey"]
[Black "Abarca Gonzalez, Nicolas"]
[WhiteFideId "24133795"]
[BlackFideId "3409422"]
[WhiteElo "2666"]
[BlackElo "2504"]
[Result "1-0"]
[Round "03"]
[TimeControl "180+1"]
[Date "2022.05.31"]
[WhiteClock "0:00:09"]
[BlackClock "0:00:01"]

1. d4 Nf6 2. c4 e5 3. dxe5 Ng4 4. Bf4 g5 5. Bg3 Bg7 6. h4 Nxe5 7. hxg5 Nxc4 8. Nc3 Qxg5 9. Qc2 Nc6 10. e3 Qc5 11. Rc1 d5 12. Nxd5 Qxd5 13. Bxc4 Qa5+ 14. Kf1 Bf5 15. Qb3 O-O-O 16. Nf3 h5 17. Rh4 Bg4 18. Bxf7 Rh6 19. Bf4 Rf6 20. Kg1 Bxf3 21. gxf3 Qd2 22. Be6+ Kb8 23. Rxc6 Qe1+ 24. Kg2 Rg6+ 25. Bg4 Rxc6 26. Rh1 Qd2 27. Bxh5 Rc2 28. Bg3 Rc1 29. Rxc1 Qxc1 30. f4 Qxb2 31. Qf7 Qf6 32. Qb3 Qc6+ 33. Bf3 Qb6 34. Qf7 Bc3 35. f5 Ba5 36. e4 Bb4 37. e5 Bc5 38. e6 Rc8 39. Qd7 a5 40. e7 1-0


[Site "https://www.chess.com"]

[Event "Titled Tuesday Blitz May 31 Late 2022"]
[White "Shimanov, Aleksandr"]
[Black "Koellner, Ruben Gideon"]
[WhiteFideId "4198603"]
[BlackFideId "12993093"]
[WhiteElo "2605"]
[BlackElo "2562"]
[Result "1-0"]
[Round "03"]
[TimeControl "180+1"]
[Date "2022.05.31"]
[WhiteClock "0:00:54"]
[BlackClock "0:00:01"]

1. e4 d6 2. Bc4 Nf6 3. d3 e5 4. Nc3 Be6 5. Bb3 Be7 6. f4 Nc6 7. Nf3 Qd7 8. O-O O-O 9. Kh1 Rae8 10. Nd5 Bd8 11. c4 exf4 12. Bxf4 Bxd5 13. cxd5 Ne7 14. Ba4 b5 15. Bb3 Ng6 16. Bd2 Ng4 17. Nd4 Bf6 18. Nf5 N4e5 19. d4 Nc4 20. Bxc4 bxc4 21. Qf3 Nh4 22. Nxh4 Bxh4 23. Bc3 Bf6 24. Rae1 Bg5 25. e5 Bh6 26. h3 Qd8 27. Qe4 Qg5 28. Rf3 Qg6 29. Qe2 dxe5 30. dxe5 Qa6 31. a3 Qb5 32. Rd1 Rd8 33. Qe4 Rfe8 34. Rdf1 Qxd5 35. Qxd5 Rxd5 36. Rxf7 c5 37. Rxa7 Be3 38. Rff7 Rd1+ 39. Kh2 Bg1+ 40. Kg3 Rd3+ 41. Kg4 Bd4 42. Rxg7+ Kh8 43. Rxh7+ Kg8 44. Rag7+ Kf8 45. Rh8+ Kxg7 46. Rxe8 Bxc3 47. bxc3 Rxc3 48. Rc8 Rxa3 49. Rxc5 Ra2 50. g3 Rc2 51. Rc7+ Kg6 52. Rc6+ Kf7 53. h4 c3 54. h5 Rc1 55. Kg5 c2 56. g4 Ke7 57. h6 Kd7 58. Rc3 Ke6 59. Rc5 Kd7 60. h7 Rh1 61. Kg6 c1=Q 62. Rxc1 Rxc1 63. h8=Q 1-0


[Site "https://www.chess.com"]

[Event "Titled Tuesday Blitz May 31 Late 2022"]
[White "Shuvalova, Polina"]
[Black "Kamsky, Gata"]
[WhiteFideId "24171760"]
[BlackFideId "2000024"]
[WhiteElo "2355"]
[BlackElo "2645"]
[Result "1-0"]
[Round "03"]
[TimeControl "180+1"]
[Date "2022.05.31"]
[WhiteClock "0:00:09"]
[BlackClock "0:00:02"]

1. e4 g6 2. d4 Bg7 3. Nc3 d6 4. Be3 a6 5. h4 h5 6. f3 b5 7. Qd2 Bb7 8. Nh3 Nd7 9. Ng5 e6 10. O-O-O Ngf6 11. Kb1 Qe7 12. a3 Nh7 13. Bd3 Nxg5 14. Bxg5 Bf6 15. Be3 c5 16. dxc5 Nxc5 17. Be2 Rd8 18. Bg5 e5 19. g3 Kf8 20. Rhf1 Bxg5 21. hxg5 Kg7 22. Qe3 f6 23. gxf6+ Qxf6 24. f4 Rhf8 25. f5 g5 26. Bxh5 Rh8 27. Be2 Rh6 28. Rd2 Rdh8 29. Rfd1 Rh1 30. Bf3 Rxd1+ 31. Rxd1 Rc8 32. Rh1 Rh8 33. Rd1 Rc8 34. Qd2 Rd8 35. Rh1 Rh8 36. Rd1 Rd8 37. b3 Bc6 38. Rh1 Rh8 39. Rd1 Rd8 40. Qe3 Bb7 41. Kb2 Bc6 42. Rh1 Rh8 43. Rd1 Rd8 44. Bh5 Rh8 45. Bg6 Rb8 46. Rh1 Rh8 47. Rd1 1-0


[Site "https://www.chess.com"]

[Event "Titled Tuesday Blitz May 31 Late 2022"]
[White "Sliwicki, Damian"]
[Black "Salimova, Nurgyul"]
[WhiteFideId "1127128"]
[BlackFideId "2915138"]
[WhiteElo "2125"]
[BlackElo "2185"]
[Result "0-1"]
[Round "03"]
[TimeControl "180+1"]
[Date "2022.06.01"]
[WhiteClock "0:00:10"]
[BlackClock "0:00:06"]

1. e4 c6 2. Nc3 d5 3. Nf3 dxe4 4. Nxe4 Nf6 5. Qe2 Nxe4 6. Qxe4 Be6 7. d4 Nd7 8. c4 Nf6 9. Qh4 g6 10. Bh6 Bxh6 11. Qxh6 Qb6 12. O-O-O Qa5 13. Kb1 b5 14. d5 cxd5 15. Nd4 bxc4 16. Qe3 Qb6 17. f3 Rb8 18. Qc3 O-O 19. h4 h5 20. Be2 Bd7 21. g4 e5 22. Nc2 d4 23. Qa3 d3 24. Bxd3 cxd3 25. Rxd3 Bb5 26. Rb3 Qf2 27. gxh5 Nxh5 28. Rc1 Nf4 29. Qd6 Rb6 30. Qxe5 Nd3 31. Rxd3 Bxd3 32. h5 Bxc2+ 33. Ka1 Bf5 34. h6 Qxb2+ 35. Qxb2 Rxb2 36. Kxb2 Kh7 37. Rh1 Rc8 38. f4 Rc2+ 39. Kb3 Rf2 40. a4 Rxf4 41. a5 Rf3+ 42. Kb4 Rh3 43. Rd1 Rxh6 44. Rc1 Rh4+ 45. Kb5 Rd4 46. Ka6 Rd7 47. Rh1+ Kg7 48. Rc1 g5 49. Rc5 Kg6 50. Rb5 g4 51. Rb3 Kg5 52. Rc3 Bd3+ 53. Rxd3 Rxd3 54. Kb7 Ra3 55. a6 g3 56. Ka8 g2 57. Kb7 Rxa6 58. Ka8 g1=Q 59. Kb7 Rb6+ 60. Ka8 Qg2+ 61. Kxa7 Qb7# 0-1


[Site "https://www.chess.com"]

[Event "Titled Tuesday Blitz May 31 Late 2022"]
[White "Suder, Jakub"]
[Black "Indjic, Aleksandar"]
[WhiteFideId "1195310"]
[BlackFideId "911925"]
[WhiteElo "2058"]
[BlackElo "2616"]
[Result "0-1"]
[Round "03"]
[TimeControl "180+1"]
[Date "2022.05.31"]
[WhiteClock "0:00:03"]
[BlackClock "0:00:23"]

1. d4 Nf6 2. c4 e6 3. Nc3 c5 4. d5 exd5 5. cxd5 d6 6. e4 g6 7. Nf3 a6 8. a4 Bg4 9. Qb3 Bxf3 10. Qxb7 Nbd7 11. gxf3 Bg7 12. Be2 O-O 13. Qb3 Rb8 14. Qc2 Nh5 15. f4 Qh4 16. Bxh5 Qxh5 17. Qe2 Qh4 18. O-O Rfe8 19. Qf3 Rb4 20. Re1 f5 21. Qg3 Qd8 22. f3 Nf6 23. e5 Nh5 24. Qf2 dxe5 25. Qxc5 Rxf4 26. Bxf4 Nxf4 27. Kh1 Nd3 28. Qc6 Nxe1 29. Rxe1 Qc8 30. b4 e4 31. Nd1 Qxc6 32. dxc6 Rb8 33. fxe4 f4 34. Nf2 Rxb4 35. Rc1 Rb8 36. Nd3 f3 37. Nb4 Be5 38. Nd5 Kg7 39. Kg1 g5 40. c7 Rc8 41. Rc6 g4 42. Rc5 Bd4+ 0-1


[Site "https://www.chess.com"]

[Event "Titled Tuesday Blitz May 31 Late 2022"]
[White "Svane, Rasmus"]
[Black "Ozsakallioglu, Okan"]
[WhiteFideId "4657101"]
[BlackFideId "6367011"]
[WhiteElo "2674"]
[BlackElo "2003"]
[Result "0-1"]
[Round "03"]
[TimeControl "180+1"]
[Date "2022.06.01"]
[WhiteClock "0:01:17"]
[BlackClock "0:00:54"]

1. Nf3 d5 2. d4 Nf6 3. c4 c6 4. Nc3 dxc4 5. a4 Bf5 6. e3 e6 7. Bxc4 Nbd7 8. O-O Bb4 9. Qe2 Bg6 10. Rd1 O-O 11. Ne5 Qe7 12. Nxg6 hxg6 13. e4 e5 14. d5 Nb6 15. Bb3 a5 16. Be3 Nbd7 17. Rac1 Rfd8 18. dxc6 bxc6 19. Qc4 Nc5 20. Bc2 Ng4 21. Qe2 Nxe3 22. Qxe3 Ne6 23. Ne2 Bc5 24. Qg3 Nd4 25. Nxd4 Rxd4 26. Rxd4 Bxd4 27. b3 Qc5 28. Qd3 Bxf2+ 29. Kh1 Qe3 30. Qxe3 Bxe3 31. Rd1 Bd4 32. Bd3 Kf8 33. Bc4 f6 34. g3 Ke7 35. Kg2 f5 36. Kf3 Rf8 37. Rc1 Kd6 38. Ba6 c5 39. Rc2 Rf6 40. Bc4 Rf8 41. Bb5 Rh8 42. Bc4 Ke7 43. Bd5 Kf6 44. Bc4 Rd8 45. Bb5 Bg1 46. Bc4 Kg5 47. Bd5 Bd4 48. Bc4 Kf6 49. Bd5 Rf8 50. Bc4 g5 51. exf5 Kxf5 52. Bd3+ e4+ 53. Bxe4+ Ke5+ 54. Kg4 Kxe4 55. Kxg5 Kd3 56. Rc1 Be3+ 0-1


[Site "https://www.chess.com"]

[Event "Titled Tuesday Blitz May 31 Late 2022"]
[White "Taboas Rodriguez, Daniel"]
[Black "Ibarra Jerez, Jose Carlos"]
[WhiteFideId "2208466"]
[BlackFideId "2226332"]
[WhiteElo "2429"]
[BlackElo "2626"]
[Result "1-0"]
[Round "03"]
[TimeControl "180+1"]
[Date "2022.05.31"]
[WhiteClock "0:01:35"]
[BlackClock "0:00:23"]

1. d4 d6 2. Nf3 g6 3. c4 Bg7 4. Nc3 e5 5. dxe5 dxe5 6. Qxd8+ Kxd8 7. Bd2 Be6 8. O-O-O Nd7 9. Ng5 Bxc4 10. e4 Be6 11. f4 exf4 12. Bxf4 Bh6 13. Nd5 Rc8 14. Nxe6+ fxe6 15. Bxh6 exd5 16. Bg7 Ngf6 17. Bxh8 Nxe4 18. Rxd5 Ke7 19. Bc3 Rf8 20. Bd3 c6 21. Rxd7+ 1-0


[Site "https://www.chess.com"]

[Event "Titled Tuesday Blitz May 31 Late 2022"]
[White "Tatarinov, Dmitry"]
[Black "Estrada Nieto, Julian"]
[WhiteFideId "24160067"]
[BlackFideId "5101018"]
[WhiteElo "2302"]
[BlackElo "2252"]
[Result "1-0"]
[Round "03"]
[TimeControl "180+1"]
[Date "2022.06.01"]
[WhiteClock "0:01:08"]
[BlackClock "0:00:01"]

1. d4 d5 2. c4 dxc4 3. e3 Nf6 4. Bxc4 e6 5. Nf3 c5 6. O-O a6 7. Qe2 b5 8. Bb3 Bb7 9. Rd1 Nbd7 10. Nc3 Qb6 11. a4 b4 12. a5 Qc7 13. Na4 Bd6 14. dxc5 Nxc5 15. Nxc5 Bxc5 16. Bd2 O-O 17. Be1 Ng4 18. h3 Ne5 19. Nxe5 Qxe5 20. Rac1 Rac8 21. Bc2 Rfd8 22. Bd3 Bd6 23. f4 Qxa5 24. Rxc8 Bxc8 25. Be4 Bc5 26. Rc1 Qb6 27. Bf2 f5 28. Bf3 Bd7 29. Kh2 Bb5 30. Qe1 a5 31. b3 Rd3 32. Be2 Rxb3 33. Bxb5 Qxb5 34. Qd1 Rc3 35. Qd8+ Bf8 36. Rd1 Rc2 37. Bh4 Qe2 38. Rg1 Qxe3 39. Be7 Qxf4+ 40. Kh1 h6 41. Qxf8+ Kh7 42. Bd6 Qe4 43. Qb8 b3 44. Be5 b2 45. Bxb2 f4 46. Qe5 Qxe5 47. Bxe5 f3 48. gxf3 g5 49. Ra1 Rc5 50. Bd4 Rd5 51. Bb6 Kg6 52. Bxa5 Kf5 53. Kg2 Kf4 54. Be1 1-0


[Site "https://www.chess.com"]

[Event "Titled Tuesday Blitz May 31 Late 2022"]
[White "Terry, Renato"]
[Black "Vajda, Levente"]
[WhiteFideId "3803457"]
[BlackFideId "1203975"]
[WhiteElo "2577"]
[BlackElo "2573"]
[Result "1/2-1/2"]
[Round "03"]
[TimeControl "180+1"]
[Date "2022.05.31"]
[WhiteClock "0:01:07"]
[BlackClock "0:02:49"]

1. d4 d5 2. Bg5 Nf6 3. Nc3 e6 4. e3 Be7 5. Bd3 h6 6. Bh4 a6 7. Nf3 Nbd7 8. O-O c5 9. e4 c4 10. Be2 dxe4 11. Nd2 b5 12. Ncxe4 Nxe4 13. Bxe7 Qxe7 14. Nxe4 Bb7 15. Bf3 O-O 16. c3 Rfd8 17. Qe2 Nb6 18. Rfe1 Bxe4 19. Bxe4 Rac8 20. a3 Qf6 21. Rad1 Nd5 22. g3 g6 23. h4 Kg7 24. Kg2 h5 25. Bf3 Ne7 26. Qe5 Nd5 27. Rd2 Rd7 28. Rde2 Rcd8 29. Qxf6+ Kxf6 30. Re5 Rd6 31. R1e2 R6d7 32. Re1 Rd6 33. R1e2 R6d7 34. Re1 1/2-1/2


[Site "https://www.chess.com"]

[Event "Titled Tuesday Blitz May 31 Late 2022"]
[White "Urazayev, Arystanbek"]
[Black "Trent, Lawrence"]
[WhiteFideId "13709810"]
[BlackFideId "408638"]
[WhiteElo "2422"]
[BlackElo "2474"]
[Result "1-0"]
[Round "03"]
[TimeControl "180+1"]
[Date "2022.06.01"]
[WhiteClock "0:00:03"]
[BlackClock "0:00:09"]

1. d4 d5 2. c4 e5 3. dxe5 d4 4. Nf3 Nc6 5. g3 Nge7 6. Bg2 Ng6 7. O-O Ngxe5 8. a3 a5 9. Nxe5 Nxe5 10. Bf4 Ng6 11. e3 Nxf4 12. gxf4 Bc5 13. exd4 Qxd4 14. Re1+ Kf8 15. Qxd4 Bxd4 16. Nc3 c6 17. Rad1 Bf6 18. Ne4 Bg4 19. f3 Be6 20. Nxf6 gxf6 21. Bf1 h5 22. h4 Kg7 23. f5 Bxf5 24. Re7 Rhd8 25. Rxd8 Rxd8 26. Rxb7 Rd2 27. b4 Ra2 28. b5 Ra1 29. Kf2 Ra2+ 30. Kg3 Rxa3 31. Kf4 cxb5 32. cxb5 Be6 33. Ra7 a4 34. b6 Bd5 35. Be2 Rb3 36. Rxa4 Rxb6 37. Ra5 Rb4+ 38. Kg3 Rd4 39. f4 Kg6 40. f5+ Kxf5 41. Bxh5 Rd3+ 42. Kf2 Kf4 43. Ra4+ Be4 44. Be2 Rh3 45. h5 Rh2+ 46. Ke1 f5 47. Ra3 Kg5 48. Rg3+ Kf4 49. Rg7 f6 50. Rg6 Ke3 51. Rg3+ Kd4 52. Ra3 Ke5 53. Kf1 f4 54. Bg4 f5 55. Be2 Kf6 56. Ra6+ Ke5 57. Ra5+ Kd4 58. Ra4+ Kc5 59. Ra3 Rh4 60. Kf2 Kd4 61. Ra4+ Ke5 62. Ra5+ Ke6 63. Bc4+ Kf6 64. Be2 f3 65. Ra6+ Ke5 66. Bxf3 Rf4 67. Ra5+ Kf6 68. Ra3 Kg5 69. Kg3 Rh4 70. Bxe4 Rg4+ 71. Kf2 Rf4+ 72. Bf3 Kh4 73. Ra8 Kg5 74. Rg8+ Kf6 75. Rg6+ Ke5 76. Kg3 Rb4 77. h6 Rb8 78. h7 Rh8 79. Rh6 1-0


[Site "https://www.chess.com"]

[Event "Titled Tuesday Blitz May 31 Late 2022"]
[White "Urbina Perez, Juan Antonio"]
[Black "Preotu, Razvan"]
[WhiteFideId "2217368"]
[BlackFideId "2613280"]
[WhiteElo "2192"]
[BlackElo "2407"]
[Result "0-1"]
[Round "03"]
[TimeControl "180+1"]
[Date "2022.06.01"]
[WhiteClock "0:00:14"]
[BlackClock "0:00:07"]

1. d4 Nf6 2. Nf3 g6 3. g3 Bg7 4. Bg2 d5 5. O-O O-O 6. Nc3 c5 7. Re1 cxd4 8. Nxd4 e5 9. Nb3 d4 10. Ne4 Nxe4 11. Bxe4 f5 12. Bg2 e4 13. Bd2 Nc6 14. c3 dxc3 15. Bxc3 Bxc3 16. bxc3 Qe7 17. Nd4 Ne5 18. Qb3+ Kh8 19. Rab1 b6 20. f4 Nd7 21. Qd5 Ba6 22. Nc6 Qg7 23. e3 Nc5 24. Qe5 Nd3 25. Qxg7+ Kxg7 26. Red1 Rfc8 27. Nb4 Bc4 28. Bf1 Nxb4 29. cxb4 Bxf1 30. Kxf1 Rc2 31. Rbc1 Rxa2 32. Rd7+ Kg8 33. Rcc7 a5 34. Rg7+ Kf8 35. Rcf7+ Ke8 36. Rb7 Kf8 37. Rxh7 Kg8 38. Rbg7+ Kf8 39. Rb7 Kg8 40. bxa5 R8xa5 41. Rhg7+ Kf8 42. Rh7 Kg8 43. Rhg7+ Kf8 44. Rgc7 Ra8 45. Rf7+ Kg8 46. Rg7+ Kf8 47. Rxg6 Rc2 48. Rf6+ Ke8 49. Re6+ Kd8 50. Rd6+ Kc8 51. Rbd7 Ra1+ 52. Rd1 Raa2 53. Rd8+ Kb7 54. R1d7+ Kc6 55. Rd6+ Kb5 56. Rd5+ Kb4 57. Rd4+ Kb3 58. Rb8 Ra1+ 59. Rd1 Rxd1# 0-1


[Site "https://www.chess.com"]